Unix NetHack Version 5.0.0-0 post-release - last build May 17 2026 04:57:42 (dc50c8380fa5e20985bfe3072449f57b8d9895ef,branch:main).

Game began 2026-05-17 16:44:04, ended 2026-05-17 16:47:26.

IanCurtis, chaotic male elven Wizard

    --- ---                  -----
    |..--.----               |.|.
    |........--              ....
     -........|               ...
      |....*..|               ...
      ---.....|---            ..
     ----.....--.---          ..
    --.............|          ..
    |........--...--         -..
    |.|......||..--          |..
    |.|--...-|----           |..
    |.| |....|               |.-
   --.|--....-----       -----h|
   |..||.......|.---  ----...f@|
  --.--|-.........<----.....----
  |..| |....-----....|..-----
 --..---...------......--
 |................|..---
 --.------------------
  ---
IanCurtis the Evoker      St:13 Dx:13 Co:13 In:18 Wi:10 Ch:9  Chaotic
Dlvl:3  $:7  HP:0(13) Pw:13(18) AC:9  Xp:2 T:647 

Latest messages:
 You see here a newt corpse.
 There is a newt corpse here; eat it? [ynq] (n) y
 This newt corpse tastes okay.
 You finish eating the newt corpse.
 You swap places with your kitten.
 You descend the stairs.
 In what direction? b
 The spell hits the gnome lord!
 The kitten bites the gnome lord.
 The gnome lord is killed!
 Your kitten eats a gnome lord corpse.
 You kill the gnome!
 The gnome shoots an arrow!
 The arrow hits the gnome!
 The gnome is killed!
 You hear rumbling in the distance.
 You see here an arrow.
 The gnome shoots an arrow!
 You catch the arrow! u - an arrow.
 You kill the gnome!
 The gnome swings his bow.
 The gnome hits!
 You kill the gnome!
 Welcome to experience level 2.
 v - 2 melons.
 Your kitten eats a gnome corpse.
 You see here a towel.
 w - a towel.
 You see here an emerald ring.
 x - an emerald ring.
 The gnome picks up an arrow.
 The gnome picks up a bow.
 The kitten is hit by a rock!
 The gnome picks up a bow.
 You feel tough!
 You must have been leading a healthy life-style.
 The gnome picks up 8 arrows.
 The gnome wields a bow!
 The bow welds itself to the gnome's hand!
 You hear rumbling in the distance.
 The dwarf wields a dagger!
 You miss the dwarf.
 The dwarf thrusts her dagger.
 The dwarf hits!
 In what direction? k
 The spell hits the dwarf!
 The dwarf thrusts her dagger.
 The dwarf hits!
 You die...
 Do you want your possessions identified? [ynq] (y) q

Inventory:
 Coins    ('$')
  $ - 7 gold pieces
 Weapons  (')')
  u - a +0 arrow
  a - a blessed +1 quarterstaff (weapon in hands)
 Armor    ('[')
  b - an uncursed +0 cloak of magic resistance (being worn)
 Comestibles  ('%')
  r - 2 uncursed lembas wafers
  v - 2 uncursed melons
 Scrolls  ('?')
  k - an uncursed scroll of blank paper
  j - an uncursed scroll of charging
  p - a blessed scroll of identify
  i - an uncursed scroll of scare monster
 Spellbooks  ('+')
  l - a blessed spellbook of force bolt
  m - an uncursed spellbook of knock
 Potions  ('!')
  f - an uncursed potion of object detection
  h - an uncursed potion of see invisible
  g - an uncursed potion of water
 Rings    ('=')
  d - an uncursed +1 ring of adornment
  x - an uncursed ring of polymorph control
  e - an uncursed ring of warning
 Wands    ('/')
  c - a wand of fire (0:8)
 Tools    ('(')
  q - an uncursed leather drum
  o - an uncursed wooden flute
  n - a magic marker (0:20)
  w - an uncursed towel

IanCurtis the Wizard's attributes:

Background:
 You were an Evoker, a level 2 male elven Wizard.
 You were chaotic, on a mission for Anhur
 who was opposed by Ptah (lawful) and Thoth (neutral).
 You were right-handed.
 You were in the Gnomish Mines, on level 3.
 You entered the dungeon 647 turns ago.
 There was a new moon in effect when your adventure ended.
 You had 25 experience points, 15 more were needed to attain level 3.

Basics:
 You had 0 out of 13 hit points.
 You had 13 out of 18 energy points (spell power).
 Your armor class was 9.
 Your wallet contained 7 zorkmids.
 Autopickup was off.

Final Characteristics:
 Your strength was 13 (limit:18).
 Your dexterity was 13 (limit:18).
 Your constitution was 13 (limit:16).
 Your intelligence was 18 (limit:20).
 Your wisdom was 10 (limit:20).
 Your charisma was 9 (limit:18).

Final Status:
 You weren't hungry.
 You were unencumbered.
 You were wielding a quarterstaff.
 You had basic skill with quarterstaff.

Final Attributes:
 You were fervently aligned.
 You were magic-protected.
 You had infravision.
 You were warded.
 You are dead.

Miscellaneous:
 You didn't encounter any bones levels.
 Total elapsed playing time was 3 minutes and 20 seconds.

Major events:
 Turn
    1: IanCurtis the chaotic male elven Wizard entered the dungeon
  558: entered the Gnomish Mines
  647: killed by a dwarf

Spells:
 Name                 Level Category     Fail Retention
 force bolt             1   attack         0%  91%-100%
 knock                  1   matter         0%  76%-100%

Skills:
 Fighting Skills
   bare handed combat [Unskilled]
   riding             [Unskilled]
 Weapon Skills
   dagger             [Unskilled]
   knife              [Unskilled]
   axe                [Unskilled]
   short sword        [Unskilled]
   club               [Unskilled]
   mace               [Unskilled]
   quarterstaff       [Basic]
   polearms           [Unskilled]
   spear              [Unskilled]
   trident            [Unskilled]
   sling              [Unskilled]
   dart               [Unskilled]
   shuriken           [Unskilled]
 Spellcasting Skills
   attack spells      [Basic]
   healing spells     [Unskilled]
   divination spells  [Unskilled]
   enchantment spells [Basic]
   clerical spells    [Unskilled]
   escape spells      [Unskilled]
   matter spells      [Unskilled]

Voluntary challenges:
 Character rerolling was not enabled.
 You were an atheist.
 You were illiterate.
 You never genocided any monsters.
 You never polymorphed an object.
 You never changed form.
 You used no wishes.
Achievement:
 You entered the Gnomish Mines.

 The Dungeons of Doom: levels 1 to 2
    Level 1:
       A fountain, some sinks.
    Level 2:
       Stairs down to The Gnomish Mines.
 The Gnomish Mines:
    Level 3: <- You were here.
       Final resting place for
          you, killed by a dwarf.


Vanquished creatures:
  2 gnome leaders
  5 gnomes
  a sewer rat
  a kobold zombie
  2 newts
11 creatures vanquished.

No species were genocided or became extinct.

Game over:
                       ----------
                      /          \
                     /    REST    \
                    /      IN      \
                   /     PEACE      \
                  /                  \
                  |    IanCurtis     |
                  |       7 Au       |
                  |   killed by a    |
                  |      dwarf       |
                  |                  |
                  |                  |
                  |       2026       |
                 *|     *  *  *      | *
        _________)/\\_//(\/(/\)/\//\/|_)_______

Goodbye IanCurtis the Wizard...

You died in The Gnomish Mines on dungeon level 3 with 207 points,
and 7 pieces of gold, after 647 moves.
You were level 2 with a maximum of 13 hit points when you died.

